 Dungeon Crawl Stone Soup version 0.28.0-49-g6dfe1f597d (webtiles) character file.

Game seed: 5412656431225336667

3803 101zpm the Thaumaturge (level 10, -4/60 HPs)
             Began as a Djinni Fire Elementalist on May 11, 2022.
             Was a Believer of Makhleb.
             Slain by a killer bee (6 damage)
             ... on level 8 of the Dungeon.
             The game lasted 00:16:21 (12138 turns).

101zpm the Thaumaturge (Djinni Fire Elementalist)  Turns: 12138, Time: 00:16:22

Health: -4/60      AC:  2    Str:  7    XL:     10   Next: 39%
Gold:   386        EV: 12    Int: 21    God:    Makhleb [**....] SH:  0 Dex: 14

rFire   + + .      SeeInvis .   (no weapon)
rCold   x . .      Faith    .   (no shield)
rNeg    . . .      Spirit   .   a - +0 robe
rPois   ∞          Reflect  .   (no helmet)
rElec   .          Harm     .   (no cloak)
rCorr   .          Rampage  .   (no gloves)
Will    +....                   (boots unavailable)
Stlth   +++.......              (no amulet)
HPRegen 0.20/turn               (no ring)
MPRegen 0.00/turn               (no ring)

@: flying
A: sickness immunity, fire resistance 2, cold vulnerability 1, float, innate
caster, HP casting, extra vitality 1
a: Renounce Religion, Minor Destruction


You were on level 8 of the Dungeon.
You worshipped Makhleb.
Makhleb was pleased with you.
You visited 2 branches of the dungeon, and saw 10 of its levels.

You collected 386 gold pieces.

Inventory:

Missiles
 y - a throwing net
Armour
 a - a +0 robe (worn)
Jewellery
 m - an amulet of faith
 u - an amulet of regeneration
Wands
 q - a wand of iceblast (9)
 s - a wand of paralysis (6)
 t - a wand of digging (6)
 w - a wand of acid (8)
Scrolls
 b - a scroll of vulnerability {unknown}
 c - 11 scrolls of identify {unknown}
 d - a scroll of noise {unknown}
 g - 3 scrolls of blinking {unknown}
 h - 2 scrolls of fear {unknown}
 i - a scroll of teleportation {unknown}
 k - 2 scrolls of enchant weapon {unknown}
 l - 3 scrolls of summoning {unknown}
 v - a scroll of magic mapping {unknown}
 x - a scroll of silence {unknown}
 z - a scroll of amnesia {unknown}
Potions
 e - 2 potions of cancellation {unknown}
 f - 2 potions of degeneration {unknown}
 j - 2 potions of might {unknown}
 n - 4 potions of mutation {unknown}
 o - 2 potions of heal wounds {unknown}
 p - a potion of brilliance {unknown}
 r - 6 potions of curing {unknown}


   Skills:
 + Level 2.4 Dodging
 + Level 4.0 Stealth
 + Level 10.9 Spellcasting


You had 8 spell levels left.
You knew the following spells:

 Your Spells              Type           Power      Damage    Failure   Level
a - Foxfire               Conj/Fire      100%       2x1d9     1%          1
b - Scorch                Fire           100%       2d10      1%          2
c - Conjure Flame         Conj/Fire      55%        6-21      1%          3
d - Inner Flame           Hex/Fire       55%        N/A       1%          3
e - Flame Wave            Conj/Fire      55%        2d11      1%          4
f - Apportation           Tloc           100%       N/A       1%          1
g - Wereblood             Tmut           55%        N/A       1%          2
h - Mephitic Cloud        Conj/Pois/Air  55%        N/A       1%          3
i - Confusing Touch       Hex            55%        N/A       1%          3
Your spell library was empty.

Dungeon Overview and Level Annotations

Branches:
Dungeon (9/15)             Temple (1/1) D:4
   Lair: D:8-11         Orc: D:9-12

Altars:
Ashenzari
Cheibriados
Dithmenos
Elyvilon
Fedhas
Gozag
Hepliaklqana
Kikubaaqudgha
Makhleb
Nemelex Xobeh
Okawaru
Qazlal
Ru
Sif Muna
Trog
Uskayaw
Vehumet
Wu Jian
Xom
Yredelemnul
Zin
The Shining One


Innate Abilities, Weirdness & Mutations

You are immune to sickness and miasma.
You are immune to poison.
Your flesh is very heat resistant. (rF++)
You are vulnerable to cold. (rC-)
You float through the air rather than walking.
You learn spells naturally, not from books.
Your magical power is your life essence.
You have superior vitality. (+4 MHP)


Message History

Makhleb accepts your kill.
The killer bee explodes!
The fiery explosion engulfs the killer bee!!
You kill the killer bee!
Makhleb accepts your kill.
You hear an angry buzzing noise.
Casting: Scorch (safe; 1% risk of failure)
Confirm with . or Enter, or press ? or * to list all spells.
Aiming: Inner Flame (safe; 1% risk of failure)
Press: ? - help, Dir - move target, f - killer bee
Aim: a killer bee (chance to affect: 97%)
The killer bee is filled with an inner flame.
Casting: Foxfire (safe; 1% risk of failure)
Press: ? - help, Q - select action, (/) - cycle Dir - look around, f - activate You conjure some foxfire!
The killer bee barely misses you. The killer bee stings you!
* * * LOW HITPOINT WARNING * * *
Your foxfire dissipates!
The foxfire hits the killer bee but does no damage.
The killer bee closely misses you.
Casting: Foxfire (safe; 1% risk of failure)
Press: ? - help, Q - select action, (/) - cycle Dir - look around, f - activate You conjure some foxfire!
* * * LOW HITPOINT WARNING * * *
The killer bee stings you.
* * * LOW HITPOINT WARNING * * *
The killer bee stings you!
* * * LOW HITPOINT WARNING * * *
The foxfire hits the killer bee.
Flame seeps out of the killer bee.
The killer bee is moderately wounded.
The foxfire hits the killer bee.
Flame seeps out of the killer bee.
The killer bee is moderately wounded.
The killer bee is engulfed in blazing flames.
Flame seeps out of the killer bee.
The killer bee misses you.
Casting: Foxfire (safe; 1% risk of failure)
Press: ? - help, Q - select action, (/) - cycle Dir - look around, f - activate You conjure some foxfire!
* * * LOW HITPOINT WARNING * * *
The killer bee closely misses you. The killer bee stings you.
You die...

##.##........#
#......)..##...
##.........#...
###.....##...$
#..##...#.... ##.....##
##. ##....# ##v##..####
#.@y○§§§.§##....
#####.v...§○.y.y....
###..#........§§.........
#......#.................
##.....#..........#......
##.......[..............
###.##..................
##...#...................
#.................§......


You could see 2 killer bees.

Vanquished Creatures
  Maggie (D:7)
  A kobold demonologist (D:9)
  4 yaks (D:9)
  2 wyverns (D:8)
  Menkaure (D:7)
  Duvessa (D:4)
  A sky beast (D:7)
  A hornet zombie (D:5)
  An orc warrior (D:9)
  2 ice beasts
  3 ogres
  A necrophage (D:4)
  2 bullfrogs
  A wyvern zombie (D:8)
  2 gnoll sergeants
  Dowan (D:4)
  4 killer bees (D:8)
  4 wights (D:6)
  2 bullfrog skeletons
  2 orc priests
  A hound (D:5)
  3 orc wizards
  5 iguanas
  2 hound skeletons (D:5)
  A howler monkey zombie (D:7)
  Robin (D:3)
  10 gnolls
  6 adders
  2 howler monkey skeletons (D:7)
  2 shadow imps (D:7)
  A white imp (D:5)
  5 worms
  4 dart slugs
  8 orcs
  2 ball pythons
  12 bats
  4 endoplasms
  4 giant cockroaches
  13 goblins
  8 hobgoblins
  9 jackals
  3 quokkas
  3 frilled lizards
  8 kobolds
  4 rats
158 creatures vanquished.

Vanquished Creatures (others)
  676 foxfires
676 creatures vanquished.

Grand Total: 834 creatures vanquished

Notes
Turn   | Place    | Note
-------+----------+-------------------------------------------
     0 | D:1      | 101zpm the Djinni Fire Elementalist began the quest for the
                  | Orb.
     0 | D:1      | Reached XP level 1. HP: 15/15 MP: 0/0
   173 | D:1      | Reached XP level 2. HP: 10/21 MP: 0/0
   730 | D:1      | Reached skill level 3 in Spellcasting
  1241 | D:1      | Reached XP level 3. HP: 21/25 MP: 0/0
  1241 | D:1      | Learned a level 1 spell: Apportation
  2455 | D:2      | Reached XP level 4. HP: 5/31 MP: 0/0
  2735 | D:2      | You are sucked into a shaft and drop 1 floor!
  2748 | D:3      | Noticed Robin
  2754 | D:3      | Killed Robin
  2869 | D:3      | Reached XP level 5. HP: 19/35 MP: 0/0
  2869 | D:3      | Learned a level 2 spell: Wereblood
  3417 | D:2      | Reached skill level 4 in Spellcasting
  4619 | D:4      | Noticed a bullfrog
  4625 | D:4      | Killed a bullfrog
  4625 | D:4      | HP: 1/35 [spore (13)]
  4626 | D:4      | Reached XP level 6. HP: 2/40 MP: 0/0
  4937 | D:4      | Found a staircase to the Ecumenical Temple.
  4954 | Temple   | Entered the Ecumenical Temple
  5621 | Temple   | Became a worshipper of Makhleb the Destroyer
  5669 | D:5      | Entered Level 5 of the Dungeon
  5678 | D:5      | Noticed an ogre
  5684 | D:5      | Killed an ogre
  5685 | D:5      | Reached skill level 5 in Spellcasting
  5685 | D:5      | Reached XP level 7. HP: 9/45 MP: 0/0
  5685 | D:5      | Learned a level 3 spell: Mephitic Cloud
  7398 | D:5      | Reached * piety under Makhleb
  7674 | D:5      | Reached skill level 6 in Spellcasting
  8090 | D:4      | Reached XP level 8. HP: 43/50 MP: 0/0
  8579 | D:4      | Noticed Dowan
  8581 | D:4      | Noticed Duvessa
  8583 | D:4      | Killed Dowan
  8586 | D:4      | Killed Duvessa
  8587 | D:4      | Reached skill level 7 in Spellcasting
  9560 | D:6      | Reached skill level 8 in Spellcasting
  9563 | D:6      | Reached XP level 9. HP: 6/55 MP: 0/0
  9563 | D:6      | Learned a level 3 spell: Confusing Touch
 10846 | D:7      | Noticed Menkaure
 10848 | D:7      | Killed Menkaure
 10849 | D:7      | Reached skill level 9 in Spellcasting
 11100 | D:7      | Noticed Maggie
 11106 | D:7      | Killed Maggie
 11649 | D:9      | Noticed a kobold demonologist
 11653 | D:9      | Killed a kobold demonologist
 11657 | D:9      | Reached ** piety under Makhleb
 11671 | D:9      | Reached skill level 10 in Spellcasting
 11671 | D:9      | Reached XP level 10. HP: 28/60 MP: 0/0
 12136 | D:8      | HP: 2/60 [killer bee (8)]
 12138 | D:8      | Slain by a killer bee

Illustrated notes

Levels and vault maps discovered:
D:1:      doesnt_arrival_eight_statues, layout_basic,
          nicolae_concentric_dashed_squares_wild,
          amcnicky_mini_rare_corridor_liquid
D:2:      layout_loops_ring
D:3:      layout_loops_ring, serial_park_tiny_pond, uniq_robin
D:4:      layout_basic, minmay_temple_entry_wispy,
          chequers_serial_rivers_small_3, eino_tiny_chamber, uniq_duvessa
D:5:      layout_basic
D:6:      layout_loops_ring, nicolae_overflow_hidden_temple
D:7:      layout_loops_cross, st_stairs_12, uniq_menkaure, uniq_maggie
D:8:      layout_cave_pools, erik_lair_dragon
D:9:      layout_basic, uniq_psyche
Temple:   nicolae_temple_the_god_donut

Skill      XL: |  1  2  3  4  5  6  7  8  9 10 |
---------------+-------------------------------+-----
Spellcasting   | 3 4 5 6 8 10 | 10.9
Stealth        | 2 3 4 |  4.0
Dodging        | |  2.4

Action                   |  1- 3 |  4- 6 |  7- 9 | 10-12 || total
-------------------------+-------+-------+-------+-------++-------
 Cast: Foxfire           |   128 |   101 |   177 |    17 ||   423
       Scorch            |     2 |    17 |    40 |    10 ||    69
       Inner Flame       |       |     8 |    53 |    12 ||    73
       Wereblood         |       |     1 |       |       ||     1
       Apportation       |       |       |     1 |       ||     1
       Mephitic Cloud    |       |       |     1 |       ||     1
Armor: Robe              |       |     2 |       |       ||     2
Dodge: Dodged            |     3 |     4 |     6 |     4 ||    17
